 Dungeon Crawl Stone Soup version 0.30.0-29-ga12c61a403 (webtiles) character file.

Game seed: 17832758664216885856

56119 qw the Cleaver (level 14, -2/90 HPs)
             Began as a Gargoyle Fighter on June 4, 2023.
             Was a High Priest of Okawaru.
             Slain by a meliai
             ... wielding a +0 war axe
              (8 damage)
             ... on level 13 of the Dungeon.
             The game lasted 00:10:38 (20264 turns).

qw the Cleaver (Gargoyle Fighter)                  Turns: 20264, Time: 00:10:39

Health: -2/90      AC: 43    Str: 29    XL:     14   Next: 80%
Magic:  21/21      EV: 10    Int: 11    God:    Okawaru [*****.]
Gold:   1845       SH: 13    Dex:  9    Spells: 13/13 levels left

rFire   . . .        Y - +3 broad axe
rCold   . . .        f - +0 kite shield
rNeg    + . .        a - +5 plate armour {rPois}
rPois   inf          b - +2 helmet
rElec   +            k - +2 cloak {rPois}
rCorr   .            (no gloves)
SInv    .            t - +2 pair of boots
Will    +....        w - amulet of faith Stlth
                     v - +4 ring of slaying {mikee}
HPRegen 0.35/turn    x - +6 ring of strength
MPRegen 0.17/turn

%: faith
@: about to teleport, heroic, flying
A: sickness immunity, AC +10, big wings, negative energy resistance 1,
electricity resistance, torment resistance 1, petrification resistance
a: Renounce Religion, Heroism, Finesse, Duel


You were on level 13 of the Dungeon.
You worshipped Okawaru.
Okawaru was extremely pleased with you.
You visited 3 branches of the dungeon, and saw 19 of its levels.
You also visited: Gauntlet.

You collected 1845 gold pieces.


Innate Abilities, Weirdness & Mutations

You are immune to sickness and miasma.
Your stone body is resilient. (AC +10)
You are immune to poison.
Your large and strong wings let you fly.
You resist negative energy. (rN+)
You are resistant to electric shocks. (rElec)
You are resistant to unholy torment.
You are immune to petrification.


   Skills:
 - Level 11.0(16.0) Fighting
 + Level 14.9(19.9) Axes
 - Level 6.0(11.0) Throwing
 - Level 10.0(15.0) Armour
 - Level 2.0(7.0) Dodging
 - Level 12.0(17.0) Shields
 - Level 10.0 Invocations


You had 13 spell levels left.
You didn't know any spells.
Your spell library was empty.

Inventory:

Hand Weapons
 l - a +0 morningstar
 Y - a +3 broad axe (weapon)
Missiles
 n - 2 javelins (quivered)
 y - 7 boomerangs
Armour
 a - a +5 plate armour of poison resistance (worn)
 b - a +2 helmet (worn)
 f - a +0 kite shield (worn)
 k - a +2 cloak of poison resistance (worn)
 t - a +2 pair of boots (worn)
Jewellery
 i - a ring of ice
 r - an amulet of reflection
 v - a +4 ring of slaying (left hand) {mikee}
 w - an amulet of faith (around neck)
 x - a +6 ring of strength (right hand)
 A - a ring of resist corrosion
Scrolls
 j - 4 scrolls of identify
 p - 17 scrolls of teleportation
Potions
 c - 2 potions of cancellation
 d - 4 potions of might
 e - 4 potions of lignification
 g - 4 potions of mutation
 h - 3 potions of haste
 m - a potion of magic
 o - 2 potions of attraction
 q - 4 potions of curing
 s - 3 potions of heal wounds
 u - a potion of resistance

Dungeon Overview and Level Annotations

Branches:
Dungeon (13/15)            Temple (1/1) D:6            Lair (5/5) D:8
 Shoals (0/4) Lair:2       Spider (0/4) Lair:2        Slime (0/5) Lair:5
    Orc (0/2) D:11        Gauntlet (visited)
 Vaults: D:13-14

Altars:
Ashenzari
Cheibriados
Dithmenos
Elyvilon
Fedhas
Gozag
Hepliaklqana
Kikubaaqudgha
Makhleb
Nemelex Xobeh
Okawaru
Qazlal
Ru
Sif Muna
Trog
Uskayaw
Vehumet
Wu Jian
Xom
Yredelemnul
Zin
The Shining One
Lugonu

Shops:
D:1 *   D:3 [

Portals:
Abyss: Lair:5
Ice
Cave: D:13

Annotations:
D:6 1 runed translucent door, Crazy Yiuf
D:12 1 runed translucent door, qw's ghost, journeyman GrFi


Message History

The killer bee stings you but does no damage.
A tengu conjurer comes into view.
You block the killer bee's attack.
The killer bee stings you but does no damage.
The meliai invokes the aid of its god against you.
Something smites you!
You completely miss the meliai.
The meliai is almost dead.
The tengu conjurer shouts!
You hit the killer bee.
You kill the killer bee!
Okawaru accepts your kill.
You slash the killer bee!
The killer bee stings you but does no damage.
A killer bee comes into view. x2
You block the meliai's attack.
The meliai stings you but does no damage.
You closely miss the meliai.
The meliai is almost dead.
You barely miss the meliai. You closely miss the killer bee.
The killer bee buzzes angrily. x2; You hear an angry buzzing noise. x3
You block the killer bee's attack.
The meliai mumbles some strange prayers to its god against you.
Something smites you! The meliai hits you but does no damage.
The meliai stings you.
The killer bee stings you but does no damage.
You block the meliai's attack.
The meliai stings you but does no damage.
You block the meliai's attack. The meliai closely misses you.
20264 ||| READING 18 scrolls of teleportation.
As you read the scroll of teleportation, it crumbles to dust.
You feel strangely unstable. You block the meliai's attack.
The meliai stings you but does no damage.
You block the killer bee's attack. The meliai hits you but does no damage.
The meliai stings you! The meliai hits you but does no damage.
The meliai stings you but does no damage.
The killer bee stings you but does no damage.
The meliai hits you with a +0 war axe!
You die...

#.......#..##..#...%# ..
#.....#.##..##.#...#
.###...#.#######.#...# #
.##..#.## ####.#....#
##. .##.#.##..##.#.#.#%#
#(..#.#..#..##..#.......
..yD##..##..##.#..P..#
#yy#...............#
#y@..y.Q........#'#
#yy#%...............
...(##..##..##.#......
#...#. ..#..##..#.......
##. . .#.##. ##.#.#....
# .# .. / # ##.#..... .#
.. #. ##.#.... .. ... #
#.#.... . .....


You could see a tengu conjurer, an acid dragon, 2 meliai and 5 killer bees.

Vanquished Creatures
  A minotaur (Gauntlet)
  2 boulder beetles (D:13)
  6 two-headed ogres
  7 death yaks
  3 thrashing horrors (Lair:5)
  A skyshark (Lair:5)
  A fire crab (Gauntlet)
  An orange crystal statue (Gauntlet)
  A lindwurm (Lair:5)
  3 large abominations (Lair:5)
  2 oklob plants (Lair:2)
  5 ugly things
  12 elephants
  A guardian serpent (shapeshifter) (Lair:5)
  A torpor snail (D:8)
  A smoke demon (Lair:5)
  Maurice (D:9)
  A black mamba (Lair:5)
  9 cane toads
  Psyche (D:8)
  Maggie (D:7)
  A rime drake (Lair:1)
  An unseen horror (D:11)
  3 gargoyles
  A kobold demonologist (D:11)
  An ancient zyme (Lair:5)
  An efreet (D:13)
  6 komodo dragons
  A tengu conjurer (D:13)
  4 trolls
  2 polar bears
  A meliai (D:13)
  10 blink frogs (Lair:5)
  Grinder (D:6)
  6 flying skulls (Gauntlet)
  3 jumping spiders (Lair:2)
  Sigmund (D:5)
  2 shadows
  4 culicivoras (Lair:2)
  3 ynoxinuls (Lair:5)
  50 yaks
  A spriggan (shapeshifter) (D:7)
  5 wyverns
  A spriggan (Lair:5)
  2 fire bats (Gauntlet)
  6 basilisks
  2 chaos spawn (Lair:5)
  4 redbacks (Lair:2)
  12 small abominations (Lair:5)
  3 vampire mosquitoes
  An acid dragon (D:10)
  13 water moccasins
  Duvessa (D:5)
  3 sky beasts
  2 ice beasts
  5 orc warriors
  A black bear (D:6)
  2 ogres
  12 wolves
  16 centaurs
  3 phantoms
  Blork the orc (D:6)
  2 gnoll sergeants
  11 bullfrogs
  A scorpion (D:6)
  Dowan (D:5)
  5 wights (D:9)
  13 killer bees (D:13)
  An electric eel (D:6)
  6 howler monkeys
  5 gnoll boudas
  4 hounds
  5 jellies
  8 orc priests
  11 iguanas
  A sleepcap (D:5)
  20 orc wizards
  A mummy (D:4)
  30 gnolls
  6 adders
  A shadow imp (D:5)
  2 white imps
  A worm (D:4)
  A dart slug (D:3)
  39 orcs
  7 ball pythons
  6 bats
  14 endoplasms
  5 giant cockroaches
  12 goblins
  3 hobgoblins (D:1)
  6 jackals
  4 quokkas
  6 frilled lizards
  A goblin zombie (D:4)
  8 kobolds
  A kobold zombie (D:4)
  A rat (D:3)
508 creatures vanquished.

Vanquished Creatures (others)
  A killer bee (D:13)
  A white imp (D:6)
2 creatures vanquished.

Grand Total: 510 creatures vanquished

Notes
Turn   | Place    | Note
-------+----------+-------------------------------------------
     0 | D:1      | qw the Gargoyle Fighter began the quest for the Orb.
     0 | D:1      | Reached XP level 1. HP: 14/14 MP: 1/1
     0 | D:1      | 0 ||| qw: Version: 0.2-a-107-g4668610
     0 | D:1      | 0 ||| qw: Game counter: 1309
     0 | D:1      | 0 ||| qw: Always use a shield: true
     0 | D:1      | 0 ||| qw: God list: Okawaru
     0 | D:1      | 0 ||| qw: Allow faded altars: false
     0 | D:1      | 0 ||| qw: Do Orc after D:15 true
     0 | D:1      | 0 ||| qw: Do second Lair branch before Depths: true
     0 | D:1      | 0 ||| qw: Lair rune preference: random
     0 | D:1      | 0 ||| qw: Plans: Normal, Zot:1-4, Slime:5, God:TSO, Crypt,
                  | Tomb, Abyss, Pan, Hells, Win
     0 | D:1      | 0 ||| PLANNING D:1-11
    60 | D:1      | Reached skill level 2 in Axes
   102 | D:1      | Reached XP level 2. HP: 19/19 MP: 2/2
   209 | D:1      | 209 ||| Stepping ~*~*~tactically~*~*~ (stealth).
   226 | D:1      | Reached skill level 3 in Axes
   227 | D:1      | 227 ||| DROPPING +0 whip.
   249 | D:1      | 249 ||| Stepping ~*~*~tactically~*~*~ (stealth).
   262 | D:1      | Reached XP level 3. HP: 23/23 MP: 3/3
   302 | D:1      | Found Agecke's General Store.
   325 | D:1      | 325 ||| SHOPLISTING +1 pair of gloves "Noenloru" {Rampage
                  | Str+4} (323 gold, have 32).
   325 | D:1      | 325 ||| SHOPLISTING amulet of faith (520 gold, have 32).
   325 | D:1      | 325 ||| SHOPLISTING potion of curing (39 gold, have 32).
   325 | D:1      | 325 ||| SHOPLISTING potion of magic (104 gold, have 32).
   683 | D:1      | 683 ||| READING scroll labelled GESKIA LOGEUNOU.
   683 | D:1      | Identified a scroll of acquirement
   683 | D:1      | 683 ||| ACQUIRING +4 plate armour of poison resistance
   683 | D:1      | Acquired a +4 plate armour of poison resistance
   685 | D:1      | 685 ||| UPGRADING to +4 plate armour of poison resistance.
   695 | D:1      | 695 ||| DROPPING +0 scale mail.
   696 | D:1      | 696 ||| READING scroll labelled XELEAL DIYRR.
   697 | D:1      | 697 ||| READING scroll labelled LUOFUY ROERO.
   770 | D:2      | Found a radiant altar of Vehumet.
   842 | D:2      | 842 ||| Stepping ~*~*~tactically~*~*~ (hiding).
  1496 | D:2      | Reached XP level 4. HP: 28/28 MP: 4/4
  1722 | D:2      | 1722 ||| UPGRADING to +0 helmet.
  1727 | D:2      | 1727 ||| READING scroll labelled HEMICZESASCH.
  1728 | D:2      | 1728 ||| DRINKING 2 red potions.
  2018 | D:3      | Reached skill level 4 in Axes
  2038 | D:3      | 2038 ||| Stepping ~*~*~tactically~*~*~ (hiding).
  2039 | D:3      | 2039 ||| Stepping ~*~*~tactically~*~*~ (hiding).
  2042 | D:3      | Found a glowing silver altar of Zin.
  2083 | D:3      | 2083 ||| Stepping ~*~*~tactically~*~*~ (stealth).
  2090 | D:3      | 2090 ||| Stepping ~*~*~tactically~*~*~ (stealth).
  2131 | D:3      | Reached XP level 5. HP: 25/32 MP: 5/5
  2162 | D:3      | 2162 ||| DROPPING +1 whip of electrocution.
  2217 | D:3      | Found Omonloy's Antique Armour Shoppe.
  2226 | D:3      | 2226 ||| SHOPLISTING steaming helmet (275 gold, have 162).
  2712 | D:3      | Found a shadowy altar of Dithmenos.
  2716 | D:3      | Found an ornate altar of the Wu Jian Council.
  2716 | D:3      | Found a hazy altar of Hepliaklqana.
  2729 | D:3      | Found a shimmering altar of Xom.
  2732 | D:3      | Found a sparkling altar of Nemelex Xobeh.
  2735 | D:3      | 2735 ||| UPGRADING to +0 cloak.
  2740 | D:3      | 2740 ||| DRINKING 2 grey potions.
  2769 | D:4      | 2769 ||| PLANNING OSSUARY
  2771 | D:4      | 2771 ||| STAIRDANCE
  2776 | D:3      | Reached skill level 5 in Axes
  2851 | D:4      | 2851 ||| STAIRDANCE
  2856 | D:3      | Reached XP level 6. HP: 29/38 MP: 6/6
  3001 | D:4      | 3001 ||| FLEEEEING.
  3003 | D:4      | 3003 ||| FLEEEEING.
  3004 | D:4      | 3004 ||| FLEEEEING.
  3005 | D:4      | 3005 ||| FLEEEEING.
  3009 | D:4      | 3009 ||| Stepping ~*~*~tactically~*~*~ (hiding).
  3239 | D:4      | 3239 ||| Stepping ~*~*~tactically~*~*~ (hiding).
  3359 | D:4      | 3359 ||| Stepping ~*~*~tactically~*~*~ (stealth).
  3360 | D:4      | 3360 ||| Stepping ~*~*~tactically~*~*~ (stealth).
  3374 | D:4      | 3374 ||| Stepping ~*~*~tactically~*~*~ (stealth).
  3405 | D:4      | 3405 ||| DRINKING 2 dark potions.
  3407 | D:4      | 3407 ||| DRINKING 2 potions of curing.
  3407 | D:4      | 3407 ||| (to cure confusion)
  3410 | D:4      | Reached skill level 6 in Axes
  3415 | D:4      | 3415 ||| DRINKING potion of curing.
  3415 | D:4      | 3415 ||| (to cure confusion)
  3422 | D:4      | Reached XP level 7. HP: 38/43 MP: 7/7
  3449 | D:4      | 3449 ||| RIP OSSUARY
  3450 | D:4      | 3450 ||| PLANNING D:1-11
  3506 | D:4      | Found a broken altar of Ashenzari.
  3710 | D:4      | 3710 ||| DRINKING 2 silvery potions.
  3711 | D:4      | 3711 ||| READING 2 scrolls of identify.
  3711 | D:4      | 3711 ||| IDENTIFYING bubbling silvery potion
  3750 | D:5      | Entered Level 5 of the Dungeon
  3750 | D:5      | Noticed Duvessa
  3750 | D:5      | Noticed Dowan
  3760 | D:5      | Killed Dowan
  3764 | D:5      | Killed Duvessa
  3765 | D:5      | Reached skill level 7 in Axes
  3768 | D:5      | HP: 10/43 [water moccasin (2)]
  3768 | D:5      | HP: 3/43 [water moccasin (7)]
  3769 | D:5      | 3769 ||| DRINKING potion of heal wounds.
  3774 | D:5      | HP: 7/43 [water moccasin (4)]
  3779 | D:5      | Reached XP level 8. HP: 10/49 MP: 8/8
  3948 | D:5      | 3948 ||| READING scroll of brand weapon.
  3948 | D:5      | 3948 ||| BRANDING +0 heavy war axe.
  3971 | D:5      | Found a burning altar of Makhleb.
  3995 | D:5      | Reached skill level 1 in Dodging
  4034 | D:5      | 4034 ||| Stepping ~*~*~tactically~*~*~ (hiding).
  4041 | D:5      | Reached skill level 1 in Throwing
  4152 | D:5      | 4152 ||| Stepping ~*~*~tactically~*~*~ (hiding).
  4208 | D:5      | Found a hide-covered altar of Uskayaw.
  4578 | D:5      | Noticed Sigmund
  4592 | D:5      | Killed Sigmund
  4691 | D:5      | 4691 ||| Stepping ~*~*~tactically~*~*~ (stealth).
  4693 | D:5      | 4693 ||| Stepping ~*~*~tactically~*~*~ (stealth).
  4696 | D:5      | 4696 ||| Stepping ~*~*~tactically~*~*~ (stealth).
  4699 | D:5      | 4699 ||| Stepping ~*~*~tactically~*~*~ (stealth).
  4709 | D:5      | Reached skill level 8 in Axes
  4911 | D:5      | 4911 ||| UPGRADING to amulet of reflection.
  4916 | D:5      | 4916 ||| READING 2 scrolls labelled EKIZAV XIF DUD.
  4921 | D:5      | 4921 ||| DRINKING 3 bubbling emerald potions.
  4927 | D:5      | 4927 ||| READING 3 scrolls of identify.
  4927 | D:5      | 4927 ||| IDENTIFYING cyan potion
  4928 | D:5      | 4928 ||| READING 2 scrolls of identify.
  4928 | D:5      | 4928 ||| IDENTIFYING fuming sapphire potion
  4929 | D:5      | 4929 ||| DROPPING potion of berserk rage.
  4930 | D:5      | 4930 ||| DROPPING 2 potions of ambrosia.
  4931 | D:5      | 4931 ||| DROPPING potion of invisibility.
  5029 | D:6      | Reached skill level 6 in Fighting
  5181 | D:6      | Reached XP level 9. HP: 56/56 MP: 9/9
  5190 | D:6      | Found a staircase to the Ecumenical Temple.
  5191 | D:6      | 5191 ||| PLANNING TEMPLE
  5191 | D:6      | 5191 ||| DRINKING 2 golden potions.
  5200 | Temple   | Entered the Ecumenical Temple
  5213 | Temple   | 5213 ||| PLANNING OKAWARU WORSHIP
  5346 | Temple   | Became a worshipper of Warmaster Okawaru
  5346 | Temple   | 5346 ||| PLANNING D:1-11
  5383 | D:6      | Found an opulent altar of Gozag.
  5431 | D:6      | Noticed Grinder
  5441 | D:6      | Paralysed by Grinder for 2 turns
  5444 | D:6      | Killed Grinder
  5445 | D:6      | Reached skill level 9 in Axes
  5527 | D:6      | Noticed Blork the orc
  5528 | D:6      | 5528 ||| Stepping ~*~*~tactically~*~*~ (hiding).
  5539 | D:6      | Killed Blork the orc
  5581 | D:6      | Reached * piety under Okawaru
  5582 | D:6      | 5582 ||| INVOKING Heroism.
  5594 | D:6      | 5594 ||| INVOKING Heroism.
  5604 | D:6      | Reached skill level 6 in Armour
  5665 | D:6      | 5665 ||| INVOKING Heroism.
  5682 | D:6      | 5682 ||| INVOKING Heroism.
  5741 | D:6      | 5741 ||| Stepping ~*~*~tactically~*~*~ (hiding).
  5742 | D:6      | 5742 ||| Stepping ~*~*~tactically~*~*~ (hiding).
  5743 | D:6      | 5743 ||| Stepping ~*~*~tactically~*~*~ (hiding).
  5845 | D:6      | 5845 ||| Stepping ~*~*~tactically~*~*~ (stealth).
  5865 | D:6      | You fall into a shaft and drop 3 floors!
  5870 | D:9      | Noticed Maurice
  5889 | D:9      | Killed Maurice
  5916 | D:9      | 5916 ||| UPGRADING to +0 kite shield.
  5926 | D:9      | 5926 ||| DROPPING +0 buckler.
  5927 | D:9      | 5927 ||| UPGRADING to +2 cloak of poison resistance.
  5937 | D:9      | 5937 ||| DROPPING +0 cloak.
  5938 | D:9      | 5938 ||| READING scroll labelled IZUSARUMUFAR.
  5962 | D:8      | Noticed Psyche
  5963 | D:8      | 5963 ||| INVOKING Heroism.
  5976 | D:8      | Reached skill level 3 in Invocations
  5976 | D:8      | Reached XP level 10. HP: 56/63 MP: 9/12
  5982 | D:8      | Reached ** piety under Okawaru
  5993 | D:8      | 5993 ||| INVOKING Heroism.
  5996 | D:8      | Killed Psyche
  5997 | D:8      | Reached skill level 6 in Shields
  6198 | D:7      | 6198 ||| INVOKING Heroism.
  6241 | D:7      | 6241 ||| DROPPING +1 hat.
  6294 | D:6      | 6294 ||| INVOKING Heroism.
  6316 | D:6      | 6316 ||| INVOKING Heroism.
  6441 | D:6      | 6441 ||| Stepping ~*~*~tactically~*~*~ (stealth).
  6461 | D:6      | 6461 ||| DROPPING +0 flail.
  6590 | D:6      | Found a runed translucent door.
  6591 | D:6      | Noticed Crazy Yiuf
  6594 | D:6      | 6594 ||| READING scroll labelled DOD ULEUVACEI.
  6665 | D:7      | Noticed Maggie
  6666 | D:7      | 6666 ||| Stepping ~*~*~tactically~*~*~ (hiding).
  6668 | D:7      | 6668 ||| Stepping ~*~*~tactically~*~*~ (hiding).
  6669 | D:7      | 6669 ||| Stepping ~*~*~tactically~*~*~ (hiding).
  6670 | D:7      | 6670 ||| Stepping ~*~*~tactically~*~*~ (hiding).
  6673 | D:7      | 6673 ||| DRINKING potion of cancellation.
  6703 | D:7      | 6703 ||| INVOKING Heroism.
  6706 | D:7      | Killed Maggie
  6896 | D:7      | 6896 ||| Stepping ~*~*~tactically~*~*~ (stealth).
  6899 | D:7      | 6899 ||| Stepping ~*~*~tactically~*~*~ (stealth).
  6926 | D:7      | Found a sacrificial altar of Ru.
  6984 | D:7      | 6984 ||| DRINKING potion of curing.
  6984 | D:7      | 6984 ||| (to cure confusion)
  7019 | D:7      | Noticed a gargoyle
  7031 | D:7      | 7031 ||| INVOKING Heroism.
  7041 | D:7      | Killed a gargoyle
  7042 | D:7      | Reached skill level 9 in Shields
  7043 | D:7      | 7043 ||| Stepping ~*~*~tactically~*~*~ (stealth).
  7049 | D:7      | 7049 ||| Stepping ~*~*~tactically~*~*~ (stealth).
  7050 | D:7      | 7050 ||| Stepping ~*~*~tactically~*~*~ (stealth).
  7058 | D:7      | 7058 ||| INVOKING Heroism.
  7062 | D:7      | Reached skill level 10 in Axes
  7134 | D:7      | Noticed a gargoyle
  7162 | D:7      | Killed a gargoyle
  7248 | D:7      | Reached *** piety under Okawaru
  7249 | D:7      | Reached XP level 11. HP: 68/68 MP: 14/14
  7451 | D:7      | 7451 ||| READING 2 scrolls labelled EZAROLL ASARESCH.
  7452 | D:7      | 7452 ||| READING scroll of enchant armour.
  7452 | D:7      | 7452 ||| ENCHANTING +0 helmet.
  7610 | D:8      | 7610 ||| Stepping ~*~*~tactically~*~*~ (hiding).
  7615 | D:8      | 7615 ||| INVOKING Heroism.
  7674 | D:8      | Identified the +1 scale mail of the Orb {rElec Dex+5}
  7750 | D:8      | 7750 ||| INVOKING Heroism.
  7799 | D:8      | 7799 ||| Stepping ~*~*~tactically~*~*~ (stealth).
  7850 | D:8      | 7850 ||| Stepping ~*~*~tactically~*~*~ (stealth).
  7874 | D:8      | Found a staircase to the Lair.
  7940 | D:8      | 7940 ||| Stepping ~*~*~tactically~*~*~ (hiding).
  8047 | D:8      | 8047 ||| INVOKING Heroism.
  8071 | D:8      | Found a shimmering blue altar of Sif Muna.
  8322 | D:8      | 8322 ||| PLANNING LAIR
  8359 | Lair:1   | Entered Level 1 of the Lair of Beasts
  8360 | Lair:1   | 8360 ||| INVOKING Heroism.
  8369 | Lair:1   | Reached skill level 11 in Axes
  8370 | Lair:1   | Noticed a death yak
  8370 | Lair:1   | Noticed a death yak
  8377 | Lair:1   | 8377 ||| STAIRDANCE
  8379 | D:8      | 8379 ||| INVOKING Heroism.
  8396 | D:8      | Killed a death yak
  8627 | Lair:1   | 8627 ||| INVOKING Heroism.
  8648 | Lair:1   | 8648 ||| INVOKING Heroism.
  8652 | Lair:1   | Killed a death yak
  8712 | Lair:1   | 8712 ||| Stepping ~*~*~tactically~*~*~ (hiding).
  8727 | Lair:1   | 8727 ||| INVOKING Heroism.
  8746 | Lair:1   | Reached skill level 9 in Fighting
  8752 | Lair:1   | Reached **** piety under Okawaru
  8912 | Lair:1   | 8912 ||| INVOKING Heroism.
  8982 | Lair:1   | 8982 ||| Stepping ~*~*~tactically~*~*~ (hiding).
  8991 | Lair:1   | 8991 ||| INVOKING Heroism.
  9227 | Lair:1   | 9227 ||| INVOKING Heroism.
  9245 | Lair:1   | Received a gift from Okawaru
  9310 | Lair:1   | Reached XP level 12. HP: 70/76 MP: 14/16
  9468 | Lair:1   | Reached skill level 6 in Invocations
  9702 | Lair:1   | 9702 ||| DROPPING amulet of the acrobat.
  9703 | Lair:1   | 9703 ||| READING scroll labelled XENUSY RUOWKA.
  9704 | Lair:1   | 9704 ||| READING scroll labelled VIPSUV KUHE.
  9705 | Lair:1   | 9705 ||| READING 2 scrolls of identify.
  9705 | Lair:1   | 9705 ||| IDENTIFYING fizzy clear potion
  9754 | Lair:2   | 9754 ||| INVOKING Heroism.
  9868 | Lair:2   | You fall into a shaft and drop 1 floor!
  9877 | Lair:3   | 9877 ||| Stepping ~*~*~tactically~*~*~ (stealth).
  9989 | Lair:3   | 9989 ||| UPGRADING to +2 pair of boots.
  9994 | Lair:3   | 9994 ||| READING scroll labelled DOYT EMAMUDOST.
 10156 | Lair:2   | 10156 ||| INVOKING Heroism.
 10351 | Lair:2   | Found a hole to the Spider Nest.
 10370 | Lair:2   | Reached ***** piety under Okawaru
 10398 | Lair:2   | 10398 ||| INVOKING Heroism.
 10553 | Lair:2   | Reached skill level 12 in Axes
 10672 | Lair:2   | 10672 ||| Stepping ~*~*~tactically~*~*~ (stealth).
 10698 | Lair:2   | 10698 ||| INVOKING Heroism.
 10834 | Lair:2   | Found a staircase to the Shoals.
 11126 | Lair:2   | 11126 ||| Stepping ~*~*~tactically~*~*~ (stealth).
 11158 | Lair:2   | Found a blossoming altar of Fedhas.
 11162 | Lair:2   | 11162 ||| INVOKING Heroism.
 11163 | Lair:2   | 11163 ||| INVOKING Finesse.
 11164 | Lair:2   | 11164 ||| INVOKING Finesse.
 11180 | Lair:2   | Reached skill level 9 in Armour
 11189 | Lair:2   | Received a gift from Okawaru
 11266 | Lair:2   | Noticed a death yak
 11267 | Lair:2   | 11267 ||| Stepping ~*~*~tactically~*~*~ (stealth).
 11268 | Lair:2   | Noticed a death yak
 11269 | Lair:2   | 11269 ||| INVOKING Heroism.
 11274 | Lair:2   | Noticed a death yak
 11274 | Lair:2   | Noticed a death yak
 11276 | Lair:2   | Noticed a death yak
 11290 | Lair:2   | Killed a death yak
 11291 | Lair:2   | Reached skill level 9 in Invocations
 11301 | Lair:2   | Killed a death yak
 11302 | Lair:2   | 11302 ||| INVOKING Finesse.
 11304 | Lair:2   | Killed a death yak
 11306 | Lair:2   | Killed a death yak
 11314 | Lair:2   | Killed a death yak
 11315 | Lair:2   | Reached XP level 13. HP: 40/80 MP: 13/20
 11339 | Lair:2   | 11339 ||| INVOKING Heroism.
 11667 | Lair:2   | 11667 ||| READING 4 scrolls of identify.
 11667 | Lair:2   | 11667 ||| IDENTIFYING coppery potion
 11668 | Lair:2   | 11668 ||| READING 3 scrolls of identify.
 11668 | Lair:2   | 11668 ||| IDENTIFYING clear potion
 11669 | Lair:2   | 11669 ||| DROPPING potion of brilliance.
 11756 | Lair:3   | 11756 ||| Stepping ~*~*~tactically~*~*~ (stealth).
 11871 | Lair:3   | 11871 ||| READING scroll of enchant armour.
 11871 | Lair:3   | 11871 ||| ENCHANTING +1 helmet.
 12376 | Lair:3   | 12376 ||| UPGRADING to amulet of faith.
 12386 | Lair:3   | 12386 ||| UPGRADING to +4 ring of slaying {mikee}.
 12387 | Lair:3   | 12387 ||| READING 2 scrolls labelled TISSIK BUAWK.
 12438 | Lair:3   | 12438 ||| READING 2 scrolls of identify.
 12438 | Lair:3   | 12438 ||| IDENTIFYING fuming grey potion
 12439 | Lair:3   | 12439 ||| DROPPING scroll of torment.
 12514 | Lair:4   | 12514 ||| INVOKING Heroism.
 12571 | Lair:4   | 12571 ||| Stepping ~*~*~tactically~*~*~ (stealth).
 12572 | Lair:4   | 12572 ||| SWAPPING to +0 broad axe.
 12590 | Lair:4   | 12590 ||| INVOKING Heroism.
 12639 | Lair:4   | 12639 ||| FLEEEEING.
 12640 | Lair:4   | 12640 ||| FLEEEEING.
 12641 | Lair:4   | 12641 ||| FLEEEEING.
 12677 | Lair:4   | 12677 ||| DROPPING +1 war axe of freezing.
 12678 | Lair:4   | 12678 ||| DROPPING +0 war axe of protection.
 12714 | Lair:4   | 12714 ||| INVOKING Heroism.
 12715 | Lair:4   | 12715 ||| Stepping ~*~*~tactically~*~*~ (stealth).
 12723 | Lair:4   | Identified the +0 chain mail of the Stained God {SInv}
                  | (Okawaru gifted it to you on level 4 of the Lair of Beasts)
 12723 | Lair:4   | Received a gift from Okawaru
 13104 | Lair:4   | 13104 ||| INVOKING Heroism.
 13320 | Lair:4   | 13320 ||| READING scroll labelled EBOIXZ SUINO.
 13363 | Lair:5   | Entered Level 5 of the Lair of Beasts
 13364 | Lair:5   | 13364 ||| PLANNING GAUNTLET
 13364 | Lair:5   | 13364 ||| STAIRDANCE
 13468 | Lair:5   | 13468 ||| INVOKING Heroism.
 13526 | Lair:5   | 13526 ||| READING scroll of enchant weapon.
 13526 | Lair:5   | 13526 ||| ENCHANTING +1 broad axe.
 13628 | Lair:5   | 13628 ||| Stepping ~*~*~tactically~*~*~ (stealth).
 13662 | Lair:5   | 13662 ||| INVOKING Heroism.
 13679 | Lair:5   | Reached skill level 13 in Axes
 13704 | Lair:5   | Found a gate leading to a gauntlet.
 13705 | Lair:5   | 13705 ||| READING scroll labelled SARIZEL MEEF.
 13714 | Gauntlet | Entered a Gauntlet
 13714 | Gauntlet | Found a transporter.
 13714 | Gauntlet | Found a runed translucent door.
 13715 | Gauntlet | Found a runed translucent door.
 13721 | Gauntlet | Found a transporter.
 13723 | Gauntlet | Found a transporter.
 13736 | Gauntlet | Found a transporter.
 13737 | Gauntlet | Found a transporter.
 13749 | Gauntlet | Found a transporter.
 13764 | Gauntlet | Found a transporter.
 13774 | Gauntlet | Found a transporter.
 13784 | Gauntlet | Found a transporter.
 13796 | Gauntlet | Found a transporter.
 13798 | Gauntlet | Found a transporter.
 13808 | Gauntlet | Noticed a reaper
 13814 | Gauntlet | Found a transporter.
 13817 | Gauntlet | Found a transporter.
 13823 | Gauntlet | Found a runed translucent door.
 13824 | Gauntlet | Found a transporter.
 13825 | Gauntlet | Found a runed translucent door.
 13996 | Gauntlet | 13996 ||| DROPPING ring of wizardry.
 14011 | Gauntlet | 14011 ||| Stepping randomly (stuck).
 14012 | Gauntlet | 14012 ||| Stepping randomly (stuck).
 14013 | Gauntlet | 14013 ||| Stepping ~*~*~tactically~*~*~ (cloud).
 14014 | Gauntlet | 14014 ||| Stepping ~*~*~tactically~*~*~ (cloud).
 14021 | Gauntlet | 14021 ||| Stepping ~*~*~tactically~*~*~ (cloud).
 14022 | Gauntlet | 14022 ||| INVOKING Heroism.
 14172 | Gauntlet | Identified the +9 great mace "Gyuricwo" {heavy, Int+6 Dex+3
                  | SInv}
 14184 | Gauntlet | 14184 ||| INVOKING Heroism.
 14185 | Gauntlet | Identified the ring "Orepheuv" {rElec rPois}
 14241 | Gauntlet | 14241 ||| DROPPING ring "Orepheuv" {rElec rPois}.
 14255 | Gauntlet | Identified the +9 falchion of Caullu Lolut {flame, Int-2
                  | Dex+6 Stlth+}
 14255 | Gauntlet | Noticed a minotaur
 14256 | Gauntlet | 14256 ||| INVOKING Heroism.
 14265 | Gauntlet | Killed a minotaur
 14313 | Gauntlet | 14313 ||| DROPPING +6 ring of intelligence.
 14328 | Lair:5   | 14328 ||| PLANNING LAIR
 14378 | Lair:5   | Found a staircase to the Slime Pits.
 14492 | Lair:5   | 14492 ||| READING scroll labelled IQAEMPI QATIL.
 14653 | Lair:5   | 14653 ||| INVOKING Heroism.
 14657 | Lair:5   | 14657 ||| Stepping ~*~*~tactically~*~*~ (stealth).
 14699 | Lair:5   | 14699 ||| INVOKING Heroism.
 14741 | Lair:5   | 14741 ||| Stepping ~*~*~tactically~*~*~ (stealth).
 14743 | Lair:5   | 14743 ||| Stepping ~*~*~tactically~*~*~ (hiding).
 14758 | Lair:5   | 14758 ||| INVOKING Heroism.
 14769 | Lair:5   | Reached skill level 3 in Throwing
 14785 | Lair:5   | 14785 ||| Stepping ~*~*~tactically~*~*~ (stealth).
 14786 | Lair:5   | 14786 ||| Stepping ~*~*~tactically~*~*~ (stealth).
 14791 | Lair:5   | 14791 ||| Stepping ~*~*~tactically~*~*~ (stealth).
 14960 | Lair:5   | 14960 ||| INVOKING Heroism.
 14965 | Lair:5   | 14965 ||| Stepping ~*~*~tactically~*~*~ (stealth).
 15006 | Lair:5   | 15006 ||| INVOKING Heroism.
 15038 | Lair:5   | Gained mutation: Your large and strong wings let you fly.
                  | [Gargoyle growth]
 15038 | Lair:5   | Reached XP level 14. HP: 74/88 MP: 21/21
 15069 | Lair:5   | 15069 ||| Stepping ~*~*~tactically~*~*~ (stealth).
 15075 | Lair:5   | 15075 ||| Stepping ~*~*~tactically~*~*~ (stealth).
 15114 | Lair:5   | Reached skill level 14 in Axes
 15142 | Lair:5   | 15142 ||| INVOKING Heroism.
 15148 | Lair:5   | HP: 21/88 [smoke demon/divine providence (14)]
 15149 | Lair:5   | 15149 ||| READING 9 scrolls of teleportation.
 15150 | Lair:5   | 15150 ||| DRINKING 3 potions of heal wounds.
 15171 | Lair:5   | 15171 ||| INVOKING Heroism.
 15344 | Lair:5   | 15344 ||| Stepping ~*~*~tactically~*~*~ (stealth).
 15358 | Lair:5   | 15358 ||| Stepping ~*~*~tactically~*~*~ (stealth).
 15380 | Lair:5   | 15380 ||| Stepping ~*~*~tactically~*~*~ (stealth).
 15383 | Lair:5   | 15383 ||| Stepping ~*~*~tactically~*~*~ (stealth).
 15385 | Lair:5   | 15385 ||| Stepping ~*~*~tactically~*~*~ (hiding).
 15388 | Lair:5   | 15388 ||| INVOKING Heroism.
 15392 | Lair:5   | Received a gift from Okawaru
 15396 | Lair:5   | HP: 12/88 [lindwurm/blast of flame (17)]
 15397 | Lair:5   | 15397 ||| READING 8 scrolls of teleportation.
 15398 | Lair:5   | 15398 ||| DRINKING 2 potions of heal wounds.
 15899 | Lair:5   | 15899 ||| Stepping ~*~*~tactically~*~*~ (hiding).
 15900 | Lair:5   | 15900 ||| Stepping ~*~*~tactically~*~*~ (hiding).
 15904 | Lair:5   | 15904 ||| Stepping ~*~*~tactically~*~*~ (hiding).
 15916 | Lair:5   | 15916 ||| Stepping ~*~*~tactically~*~*~ (cloud).
 16030 | Lair:5   | 16030 ||| Stepping ~*~*~tactically~*~*~ (stealth).
 16043 | Lair:5   | 16043 ||| INVOKING Heroism.
 16049 | Lair:5   | Received a gift from Okawaru
 16133 | Lair:5   | Found a corrupted altar of Lugonu.
 16135 | Lair:5   | Found a one-way gate to the infinite horrors of the Abyss.
 16142 | Lair:5   | Identified the +6 dagger "Retriog" {drain, Fly rN+ Int+3}
 16147 | Lair:5   | 16147 ||| READING scroll of enchant weapon.
 16147 | Lair:5   | 16147 ||| ENCHANTING +2 broad axe.
 16179 | Lair:5   | 16179 ||| PLANNING D:1-11
 16179 | Lair:5   | 16179 ||| READING scroll labelled GAMA JIDUIRO.
 16180 | Lair:5   | 16180 ||| READING 2 scrolls of identify.
 16180 | Lair:5   | 16180 ||| IDENTIFYING bubbling green potion
 16181 | Lair:5   | 16181 ||| DROPPING potion of degeneration.
 16412 | D:9      | 16412 ||| Stepping ~*~*~tactically~*~*~ (hiding).
 16485 | D:9      | 16485 ||| Stepping ~*~*~tactically~*~*~ (stealth).
 16486 | D:9      | 16486 ||| Stepping ~*~*~tactically~*~*~ (stealth).
 16489 | D:9      | 16489 ||| Stepping ~*~*~tactically~*~*~ (stealth).
 16490 | D:9      | 16490 ||| Stepping ~*~*~tactically~*~*~ (stealth).
 16493 | D:9      | 16493 ||| Stepping ~*~*~tactically~*~*~ (hiding).
 16494 | D:9      | 16494 ||| Stepping ~*~*~tactically~*~*~ (hiding).
 16582 | D:9      | 16582 ||| Stepping ~*~*~tactically~*~*~ (stealth).
 16584 | D:9      | 16584 ||| Stepping ~*~*~tactically~*~*~ (stealth).
 16943 | D:9      | Found a snail-covered altar of Cheibriados.
 17081 | D:9      | 17081 ||| UPGRADING to +6 ring of strength.
 17126 | D:10     | Entered Level 10 of the Dungeon
 17273 | D:10     | 17273 ||| INVOKING Heroism.
 17274 | D:10     | Received a gift from Okawaru
 17390 | D:10     | Reached skill level 12 in Shields
 17486 | D:10     | 17486 ||| Stepping ~*~*~tactically~*~*~ (hiding).
 17495 | D:10     | 17495 ||| INVOKING Heroism.
 17722 | D:10     | 17722 ||| READING scroll of enchant armour.
 17722 | D:10     | 17722 ||| ENCHANTING +4 plate armour of poison resistance.
 17868 | D:10     | 17868 ||| DRINKING 5 potions of curing.
 17868 | D:10     | 17868 ||| (to cure confusion)
 17872 | D:10     | 17872 ||| DROPPING +2 chain mail of fire resistance.
 18110 | D:11     | 18110 ||| FLEEEEING.
 18111 | D:11     | 18111 ||| FLEEEEING.
 18112 | D:11     | 18112 ||| STAIRDANCE
 18179 | D:11     | Found a staircase to the Orcish Mines.
 18180 | D:11     | 18180 ||| Stepping ~*~*~tactically~*~*~ (stealth).
 18228 | D:11     | 18228 ||| Stepping ~*~*~tactically~*~*~ (stealth).
 18317 | D:11     | 18317 ||| Stepping ~*~*~tactically~*~*~ (stealth).
 18322 | D:11     | 18322 ||| Stepping ~*~*~tactically~*~*~ (hiding).
 19095 | D:11     | 19095 ||| PLANNING D
 19247 | D:12     | Found a runed translucent door.
 19669 | D:12     | 19669 ||| Stepping ~*~*~tactically~*~*~ (stealth).
 19670 | D:12     | 19670 ||| Stepping ~*~*~tactically~*~*~ (stealth).
 19671 | D:12     | 19671 ||| Stepping ~*~*~tactically~*~*~ (stealth).
 19673 | D:12     | 19673 ||| Stepping ~*~*~tactically~*~*~ (stealth).
 19674 | D:12     | 19674 ||| Stepping ~*~*~tactically~*~*~ (stealth).
 19682 | D:12     | Reached skill level 6 in Throwing
 19716 | D:12     | Noticed qw's ghost (journeyman GrFi)
 19938 | D:13     | Found a frozen archway.
 19977 | D:13     | 19977 ||| Stepping ~*~*~tactically~*~*~ (stealth).
 19979 | D:13     | 19979 ||| INVOKING Heroism.
 19980 | D:13     | 19980 ||| Stepping ~*~*~tactically~*~*~ (hiding).
 19981 | D:13     | 19981 ||| INVOKING Finesse.
 20099 | D:13     | Found a glowing silver altar of Zin.
 20131 | D:13     | 20131 ||| INVOKING Heroism.
 20143 | D:13     | 20143 ||| INVOKING Finesse.
 20173 | D:13     | 20173 ||| Stepping ~*~*~tactically~*~*~ (stealth).
 20244 | D:13     | 20244 ||| Stepping ~*~*~tactically~*~*~ (stealth).
 20251 | D:13     | 20251 ||| INVOKING Heroism.
 20263 | D:13     | HP: 14/90 [meliai/divine providence (9)]
 20264 | D:13     | 20264 ||| READING 18 scrolls of teleportation.
 20264 | D:13     | HP: 6/90 [meliai/+0 war axe (8)]
 20264 | D:13     | Slain by a meliai

Levels and vault maps discovered:
D:1:      dpeg_arrival_round_b, layout_basic, serial_shops, shop
D:2:      layout_basic, serial_glass, glass_columns_a, glass_columns_a,
          basic_altar, st_stairs_7
D:3:      layout_basic, mainiacjoe_overflow_boulevard,
          minmay_overflow_temple_star_hex, serial_shops, shop,
          mrwooster_statue_mirror, chequers_garden, kennysheep_generic_room_3
D:4:      layout_loops_ring, ashenzari_altar_1, nicolae_ossuary_entry_giza,
          minmay_a_box_with_orc_wizards_in_it
D:5:      layout_layer_cave, makhleb_grotto_becter, nicolae_uskayaw_suspiria,
          st_stairs_8, chequers_serial_rivers_marsh, uniq_sigmund, uniq_duvessa
D:6:      minmay_polygon_palace, layout_rooms,
          mainiacjoe_overflow_concentric_impassable, minmay_temple_entry_trees,
          nrook_pool_corridor, uniq_grinder, uniq_blork_the_orc,
          uniq_crazy_yiuf_cottage
D:7:      nzn_winding_woodlands_small [nzn_winding_woodlands_5x15_parted,
          nzn_winding_woodlands_center_lodge,
          nzn_winding_woodlands_5x15_pathside_ponds], layout_basic,
          nicolae_ru_great_annihilating_truth, uniq_maggie
D:8:      layout_basic, kennysheep_orc_sif_temple, minmay_lair_entry_grove,
          enter_bailey_5, uniq_psyche
D:9:      layout_irregular_city, nicolae_overflow_hidden_temple, uniq_maurice
D:10:     layout_basic
D:11:     layout_basic, david_orc_2, minmay_lizard_king
D:12:     layout_basic, hellmonk_ghost_happy_afterlife,
          nicolae_elevator_lobby_asterisk
D:13:     regret_index_bee_streams, layout_gridville,
          grunt_vaults_entry_fortified, portal_ice_cave_entry_pillars_1,
          zin_academy
Temple:   chequers_temple_sunken
Lair:1:   layout_roguey, minivault_24
Lair:2:   layout_cave_pods, minmay_shoals_entry_centaurs,
          nicolae_spider_entry_tight_spaces, hangedman_tree_tricks, st_stairs_13
Lair:3:   layout_cave_pods
Lair:4:   layout_small_grid, st_stairs_11
Lair:5:   hellmonk_lair_end_abyssal_woods, layout_regular_city,
          nicolae_slime_entry_field_trip, gauntlet_entry_generic

Skill      XL: |  1  2  3  4  5  6  7  8  9 10 11 12 13 14 |
---------------+-------------------------------------------+-----
Axes           | 2 3 4 5 6 7 8 9 10 11 12 13 14 | 14.9
Fighting       | 4 5 6 7 8 9 10 11 | 11.0
Armour         | 4 5 6 8 9 10 | 10.0
Dodging        | 1 2 |  2.0
Throwing       | 1 4 6 |  6.0
Shields        | 4 9 10 11 12 | 12.0
Invocations    | 3 4 5 9 10 | 10.0

Action                     |  1- 3 |  4- 6 |  7- 9 | 10-12 | 13-15 || total
---------------------------+-------+-------+-------+-------+-------++-------
  Melee: War axe           |    96 |   119 |   296 |   782 |    57 ||  1350
         Unarmed           |       |       |       |    14 |       ||    14
         Broad axe         |       |       |       |       |   606 ||   606
  Throw: Boomerang         |       |    21 |    35 |    60 |    29 ||   145
         Javelin           |       |       |       |       |    84 ||    84
 Invoke: Heroism           |       |       |     5 |    24 |    24 ||    53
         Finesse           |       |       |       |     2 |     2 ||     4
    Use: Scroll            |     3 |     1 |     6 |     7 |    16 ||    33
         Potion            |       |     5 |     4 |     2 |     3 ||    14
   Stab: Invisible         |       |       |       |     1 |       ||     1
 Armour: Scale mail        |    26 |       |       |       |       ||    26
         Plate armour      |    39 |   142 |   288 |   460 |   415 ||  1344
         Skin              |       |       |       |     2 |       ||     2
  Dodge: Dodged            |    39 |    47 |    95 |   147 |   168 ||   496
  Block: Buckler           |    27 |    30 |   115 |       |       ||   172
         Kite shield       |       |       |    10 |   612 |   397 ||  1019
         Reflection        |       |       |     6 |    15 |       ||    21

Table legend:
 A = Non-vault XP
 B = Vault XP
 C = Vault XP percentage of total XP
 D = Non-vault monster count
 E = Vault monster count
 F = Vault count percentage of total count
                 A         B        C        D         E       F
            +---------+---------+-------+---------+---------+-------
      Total |   46932 |   33239 |  41.5 |     324 |     186 |  36.5
            +---------+---------+-------+---------+---------+-------
        D:1 |      42 |       0 |   0.0 |      23 |       0 |   0.0
        D:2 |      42 |       2 |   4.5 |      17 |       1 |   5.6
        D:3 |     249 |       2 |   0.8 |      26 |       1 |   3.7
        D:4 |     181 |     162 |  47.2 |      25 |       7 |  21.9
        D:5 |     908 |     465 |  33.9 |      22 |       5 |  18.5
        D:6 |     828 |    1422 |  63.2 |      19 |      19 |  50.0
        D:7 |    1169 |    2216 |  65.5 |       7 |      21 |  75.0
        D:8 |    2770 |    2944 |  51.5 |      15 |      21 |  58.3
        D:9 |    2029 |     433 |  17.6 |      21 |       1 |   4.5
       D:10 |    5744 |       0 |   0.0 |      29 |       0 |   0.0
       D:11 |    3084 |     877 |  22.1 |      12 |      14 |  53.8
       D:12 |    1435 |       0 |   0.0 |      11 |       0 |   0.0
       D:13 |    2634 |    3669 |  58.2 |      11 |      20 |  64.5
     Lair:1 |    5411 |       0 |   0.0 |      23 |       0 |   0.0
     Lair:2 |    7731 |    4499 |  36.8 |      23 |      19 |  45.2
     Lair:3 |    2832 |       0 |   0.0 |      14 |       0 |   0.0
     Lair:4 |    3658 |     454 |  11.0 |      10 |       2 |  16.7
     Lair:5 |    6185 |   11900 |  65.8 |      16 |      44 |  73.3
   Gauntlet |       0 |    4194 | 100.0 |       0 |      11 | 100.0
            +---------+---------+-------+---------+---------+-------
